 Dungeon Crawl Stone Soup version 0.26-a0-291-g3d11bbfad5 (webtiles) character file.

Game seed: 8295707104364085639

171 Infinimo the Conjurer (level 5, -2/30 HPs)
             Began as a Tengu Conjurer on July 14, 2020.
             Slain by Grinder (9 damage)
             ... on level 2 of the Dungeon.
             The game lasted 00:03:19 (3075 turns).

Infinimo the Conjurer (Tengu Conjurer)              Turns: 3075, Time: 00:03:19

Health: -2/30      AC:  2    Str:  7    XL:     5   Next: 51%
Magic:  4/10       EV: 12    Int: 20    God:
Gold:   124        SH:  0    Dex: 12    Spells: 5/10 levels left

rFire    . . .     SeeInvis .   o - -1 whip (curse)
rCold    . . .     Faith    .   (no shield)
rNeg     . . .     Spirit   .   a - +0 robe
rPois    .         Reflect  .   (helmet restricted)
rElec    .         Harm     .   (no cloak)
rCorr    .                      (no gloves)
MR       .....                  (boots unavailable)
Stlth    ++........             (no amulet)
HPRegen  0.10/turn              (no ring)
MPRegen  0.12/turn              (no ring)

@: no status effects
A: beak, talons 3, able to fly
a: Fly


You were on level 2 of the Dungeon.
You visited 1 branch of the dungeon, and saw 3 of its levels.

You collected 124 gold pieces.

Inventory:

Hand Weapons
 c - a +2 flail of protection
 j - a +0 dagger of freezing
 o - a cursed -1 whip (weapon)
Armour
 a - a +0 robe (worn)
Potions
 b - 2 potions of resistance {unknown}
 d - a potion of curing {unknown}
 e - a potion of magic {unknown}
 g - a potion of heal wounds {unknown}
 h - a potion of degeneration {unknown}
 i - a potion of might {unknown}
 k - a potion of stabbing {unknown}
 l - a potion of haste {unknown}
 m - a potion of flight {unknown}


   Skills:
 + Level 2.2 Fighting
 - Level 2.1 Dodging
 - Level 2.0 Stealth
 + Level 3.0 Spellcasting
 * Level 7.2 Conjurations


You had 5 spell levels left.
You knew the following spells:

 Your Spells              Type           Power        Failure   Level
a - Magic Dart            Conj           ####         1%          1
b - Iskenderun's Mystic   Conj/Tloc      ###.....     32%         4

Your spell library contained the following spells:

 Spells                   Type           Power        Failure   Level
 Searing Ray              Conj           ####..       1%          2
 Dazzling Flash           Conj/Hex       ###...       10%         3
 Fulminant Prism          Conj/Hex       ###.......   32%         4


Dungeon Overview and Level Annotations

Branches:
Dungeon (3/15)

Altars:
Wu Jian

Annotations:
D:2 Grinder


Innate Abilities, Weirdness & Mutations

You have a beak for a mouth.
You have claws for feet.
You can fly continuously.


Message History

There is a stone staircase leading down here.
Grinder zaps a wand.
The puff of flame hits you! The leopard gecko bites you.
Casting: Magic Dart (safe; 1% risk of failure)
Confirm with . or Enter, or press ? or * to list all spells.
Aiming: Magic Dart (safe; 1% risk of failure)
Press: ? - help, Shift-Dir - straight line, f - leopard gecko
Aim: a leopard gecko The magic dart hits the leopard gecko.
The leopard gecko is moderately wounded.
Grinder closely misses you. The leopard gecko bites you.
* * * LOW HITPOINT WARNING * * *
Casting: Magic Dart (safe; 1% risk of failure)
Confirm with . or Enter, or press ? or * to list all spells.
Aiming: Magic Dart (safe; 1% risk of failure)
Press: ? - help, Shift-Dir - straight line, f/p - leopard gecko
Aim: a leopard gecko (moderately wounded)
The magic dart hits the leopard gecko.
The leopard gecko is almost dead.
Grinder hits you!
You die...

......#÷#######.##.######......#
........# #..............#.#
.....#.## #.###########.##.##
...###.# #.# ####.). ...# #.# #.#
#... #.## #.# #.##### #.#. #.#
#.# #.....# #.#. #.# #.#
##########.## #... #.# #.#
#.....l@5...# #... #.# #.#
#.########..# #... #.#
#.###.########..# #...
#.####...............#########...
#..........########....†.......#.
############ #####.########. #.#
#. #.########. #..........


You could see Grinder and a leopard gecko.

Vanquished Creatures
  An orc priest (D:2)
  6 adders
  3 dart slugs
  A leopard gecko (D:1)
  7 orcs
  5 bats
  A giant cockroach (D:1)
  10 goblins
  10 hobgoblins
  11 jackals
  2 frilled lizards
  4 kobolds
  12 rats
73 creatures vanquished.

Notes
Turn   | Place    | Note
-------+----------+-------------------------------------------
     0 | D:1      | Infinimo the Tengu Conjurer began the quest for the Orb.
     0 | D:1      | Reached XP level 1. HP: 10/10 MP: 4/4
   166 | D:1      | Reached XP level 2. HP: 14/16 MP: 0/6
   616 | D:1      | Reached skill level 1 in Fighting
   717 | D:1      | Reached XP level 3. HP: 20/20 MP: 3/7
   845 | D:1      | Reached skill level 6 in Conjurations
  1191 | D:2      | Found an ornate altar of the Wu Jian Council.
  1435 | D:2      | Reached XP level 4. HP: 25/25 MP: 2/8
  2563 | D:3      | Gained mutation: You can fly continuously. [Tengu growth]
  2563 | D:3      | Reached XP level 5. HP: 22/30 MP: 3/10
  2722 | D:2      | Reached skill level 7 in Conjurations
  2893 | D:2      | Learned a level 4 spell: Iskenderun's Mystic Blast
  3062 | D:3      | Noticed Grinder
  3065 | D:3      | Paralysed by Grinder for 5 turns
  3075 | D:2      | Slain by Grinder

Illustrated notes

Levels and vault maps discovered:
D:1:      eino_arrival_cavern_c, layout_rooms
D:2:      layout_loops_ring, lemuel_crystal_altar
D:3:      layout_rooms, okawaru_trees_1, uniq_grinder

Skill      XL: |  1  2  3  4  5 |
---------------+----------------+-----
Fighting       | 1 2 |  2.2
Conjurations   | 6 7 |  7.2
Spellcasting   | 3 |  3.0
Dodging        | |  2.1
Stealth        | |  2.0

Action                   |  1- 3 |  4- 6 || total
-------------------------+-------+-------++-------
Melee: Club              |    10 |       ||    10
       Kick              |     2 |       ||     2
       Whip              |       |     8 ||     8
 Cast: Magic Dart        |    81 |    77 ||   158
  Use: Scroll            |     2 |     3 ||     5
Armor: Robe              |     8 |     5 ||    13
Dodge: Dodged            |    21 |    37 ||    58

Table legend:
 A = Non-vault XP
 B = Vault XP
 C = Vault XP percentage of total XP
 D = Non-vault monster count
 E = Vault monster count
 F = Vault count percentage of total count
                 A         B        C        D         E       F
            +---------+---------+-------+---------+---------+-------
      Total |     245 |       0 |   0.0 |      73 |       0 |   0.0
            +---------+---------+-------+---------+---------+-------
        D:1 |      46 |       0 |   0.0 |      26 |       0 |   0.0
        D:2 |     152 |       0 |   0.0 |      35 |       0 |   0.0
        D:3 |      47 |       0 |   0.0 |      12 |       0 |   0.0
            +---------+---------+-------+---------+---------+-------
